 Dungeon Sprint DCSS version 0.31-a0-1458-g2f8d4710b4 (webtiles) character file.

Game seed: 14839844489579029999

79 Groucho the Geomancer (level 4, -1/24 HPs)
             Began as a Deep Elf Earth Elementalist on Dec 28, 2023.
             Was a Believer of Vehumet.
             Constricted to death by Pikel (7 damage)
             ... in the Dungeon (Sprint VII: "The Pits").
             The game lasted 00:02:18 (743 turns).

Groucho the Geomancer (Deep Elf Earth Elementalist)  Turns: 743, Time: 00:02:19

Health: -1/24      AC:  2    Str:  5    XL:     4   Next: 17%
Magic:  3/10       EV:  9    Int: 22    God:    Vehumet [**....]
Gold:   0          SH:  0    Dex: 15    Spells: 8/9 levels left

rFire   . . .        h - +2 dagger (vamp)
rCold   . . .        (no shield)
rNeg    . . .        a - +0 robe
rPois   .            (no helmet)
rElec   .            (no cloak)
rCorr   .            (no gloves)
SInv    .            (no boots)
Will    .....        (no amulet)
Stlth   ++           (no ring)
HPRegen 0.24/turn    (no ring)
MPRegen 0.12/turn

%: no teleportation
@: grasped by roots, hasted, constricted, very quick
A: no striking features
a: Renounce Religion


You were in the Dungeon.
You worshipped Vehumet.
Vehumet was pleased with you.
You visited 1 branch

Inventory:

Hand Weapons
 h - a +2 vampiric dagger (weapon)
Armour
 a - a +0 robe (worn)
Scrolls
 j - 2 scrolls of vulnerability
 k - 5 scrolls of amnesia
 l - a scroll of butterflies
Potions
 b - 5 potions of magic
 f - 3 potions of berserk rage
 i - 2 potions of invisibility


   Skills:
 - Level 2.4 Dodging
 - Level 2.4 Stealth
 - Level 3.0 Spellcasting
 + Level 9.6 Earth Magic
 - Level 1.1 Alchemy


You had 8 spell levels left.
You knew the following spells:

 Your Spells              Type           Power      Damage    Failure   Level
a - Sandblast             Erth           90%        2d19      1%          1

Your spell library contained the following spells:

 Spells                   Type           Power      Damage    Failure   Level
 Searing Ray              Conj           6%         2d4       19%         2
 Passwall                 Erth           45%        N/A       1%          3
 Stone Arrow              Conj/Erth      48%        3d10      4%          3
 Petrify                  Alch/Erth      27%        N/A       14%         4
 Brom's Barrelling Bould  Conj/Erth      24%        2d5       17%         4


Dungeon Overview and Level Annotations

Branches:
Dungeon (1/1)

Altars:
Ashenzari
Cheibriados
Dithmenos
Elyvilon
Fedhas
Gozag
Hepliaklqana
Kikubaaqudgha
Makhleb
Nemelex Xobeh
Okawaru
Qazlal
Ru
Sif Muna
Trog
Uskayaw
Vehumet
Wu Jian
Xom
Yredelemnul
Zin
The Shining One
Jiyva
Lugonu

Annotations:
D Pikel


Message History

Aiming: Sandblast (safe; 1% risk of failure)
Press: ? - help, Shift-Dir - straight line, f/p - Pikel
Aim: Pikel, wielding a +0 whip of freezing, wearing a +1 robe of positive energy and carrying a wand of roots (moderately wounded, 81% to hit)
The blast of sand hits Pikel!
Pikel is heavily wounded.
You see here a scorpion corpse.
There is an open door to the Storerooms (Easy) here.
Casting: Sandblast (safe; 1% risk of failure)
Confirm with . or Enter, or press ? or * to list all spells.
Aiming: Sandblast (safe; 1% risk of failure)
Press: ? - help, Shift-Dir - straight line, f/p - Pikel
Aim: Pikel, wielding a +0 whip of freezing, wearing a +1 robe of positive energy and carrying a wand of roots (heavily wounded, 81% to hit)
The blast of sand hits Pikel!
Pikel is severely wounded.
Pikel zaps a wand.
The roots erupt in riotous growth!
The grasping roots grab you! The grasping roots constrict you.
You see here a +0 whip.
You escape the roots grasp.
Casting: Sandblast (safe; 1% risk of failure)
Confirm with . or Enter, or press ? or * to list all spells.
Aiming: Sandblast (safe; 1% risk of failure)
Press: ? - help, Shift-Dir - straight line, f/p - Pikel
Aim: Pikel, wielding a +0 whip of freezing, wearing a +1 robe of positive energy and carrying a wand of roots (severely wounded, 81% to hit)
The blast of sand misses Pikel.
Okay, then.
Casting: Sandblast (safe; 1% risk of failure)
Confirm with . or Enter, or press ? or * to list all spells.
Aiming: Sandblast (safe; 1% risk of failure)
Press: ? - help, Shift-Dir - straight line, f/p - Pikel
Aim: Pikel, wielding a +0 whip of freezing, wearing a +1 robe of positive energy and carrying a wand of roots (severely wounded, 81% to hit)
The blast of sand misses Pikel.
Pikel zaps a wand.
The roots erupt in riotous growth!
The grasping roots grab you! The grasping roots constrict you!
* * * LOW HITPOINT WARNING * * *
Unknown command.
You feel better. The grasping roots constrict you!
You die...
Pikel says, "See you in Hell!"

############ #_________.#
#_________.#
#_______...###########++######
##########'##................#
#..(.')))'.##......#..#......#
##########.##................+
#..........5'K)@.............+
+#####)#####......#..#......#
#..#..# #................#
#..5..# ####'#####++######
#..#### #.......# #..#..#
#.......# #..#..# #.......#
##)#5.#+###...<...#
#..K.....##.......#


You could see Pikel and a lemure.

Vanquished Creatures
  3 lemures (D)
  A scorpion (D)
  A gnoll (D)
  An ufetubus (D)
  A bat zombie (D)
  A giant cockroach (D)
  A quokka (D)
  A frilled lizard (D)
  2 kobolds (D)
12 creatures vanquished.

Notes
Turn   | Place    | Note
-------+----------+-------------------------------------------
     0 | D        | Groucho the Deep Elf Earth Elementalist began the quest for
                  | the Orb.
     0 | D        | Reached XP level 1. HP: 10/10 MP: 6/6
    14 | D        | Reached skill level 5 in Earth Magic
    14 | D        | Reached XP level 2. HP: 15/15 MP: 5/8
    41 | D        | Found a bloodstained altar of Trog.
    41 | D        | Found a shimmering blue altar of Sif Muna.
    41 | D        | Found a viscous altar of Jiyva.
    41 | D        | Found a hazy altar of Hepliaklqana.
    41 | D        | Found an opulent altar of Gozag.
    42 | D        | Found a glowing golden altar of the Shining One.
    42 | D        | Found a glowing silver altar of Zin.
    42 | D        | Found a basalt altar of Yredelemnul.
    42 | D        | Found a shimmering altar of Xom.
    42 | D        | Found an ornate altar of the Wu Jian Council.
    42 | D        | Found a sacrificial altar of Ru.
    42 | D        | Found a stormy altar of Qazlal.
    42 | D        | Found an iron altar of Okawaru.
    42 | D        | Found a sparkling altar of Nemelex Xobeh.
    42 | D        | Found a burning altar of Makhleb.
    42 | D        | Found a blossoming altar of Fedhas.
    42 | D        | Found a white marble altar of Elyvilon.
    42 | D        | Found a shadowy altar of Dithmenos.
    42 | D        | Found a snail-covered altar of Cheibriados.
    44 | D        | Found a radiant altar of Vehumet.
    44 | D        | Found a corrupted altar of Lugonu.
    45 | D        | Found a hide-covered altar of Uskayaw.
    45 | D        | Found an ancient bone altar of Kikubaaqudgha.
    45 | D        | Found a broken altar of Ashenzari.
    54 | D        | Became a worshipper of Vehumet
    69 | D        | Reached skill level 6 in Earth Magic
    76 | D        | Reached * piety under Vehumet
    76 | D        | Offered knowledge of Shock by Vehumet.
   306 | D        | Noticed a lemure
   306 | D        | Noticed a scorpion
   307 | D        | Offered knowledge of Searing Ray by Vehumet.
   307 | D        | Reached ** piety under Vehumet
   321 | D        | Killed a lemure
   586 | D        | Killed a scorpion
   587 | D        | Reached skill level 9 in Earth Magic
   587 | D        | Reached XP level 3. HP: 19/19 MP: 7/9
   587 | D        | Reached XP level 4. HP: 24/24 MP: 7/10
   714 | D        | Noticed a lemure
   714 | D        | Noticed a lemure
   715 | D        | Noticed Pikel
   715 | D        | Noticed a lemure
   729 | D        | Killed a lemure
   730 | D        | Killed a lemure
   742 | D        | HP: 1/24 [constriction (9)]
   743 | D        | Constricted to death by Pikel

Illustrated notes

Levels and vault maps discovered:
D:        pitsprint [storerooms_1, entrance_room_1, metal_vault_5, armoury_2,
          mini_pit_1, grid_room_1, main_hall_1, silver_pit, the_coven_1,
          the_vestibule_1, steel_vault_2, golden_pit, hallway_of_sentries,
          crystal_vault_4, iron_vault_5, final_vault]

Skill      XL: |  1  2 |
---------------+-------+-----
Earth Magic    | 5 9 |  9.6
Dodging        | |  2.4
Stealth        | |  2.4
Spellcasting   | |  3.0
Alchemy        | |  1.1

Action                     |  1- 3 |  4- 6 || total
---------------------------+-------+-------++-------
  Melee: Dagger            |       |     2 ||     2
   Cast: Sandblast         |    16 |     8 ||    24
    Use: Potion            |     1 |     2 ||     3
         Scroll            |     1 |       ||     1
 Armour: Robe              |     4 |     3 ||     7
  Dodge: Dodged            |     6 |     2 ||     8

Table legend: (Time is in decaauts)
 A = Elapsed time spent in this place.
 B = Non-inter-level travel time spent in this place.
 C = Inter-level travel time spent in this place.
 D = Time resting spent in this place.
 E = Time spent auto-exploring this place.
 F = Levels seen in this place.
 G = Mean time per level.
                   A        B        C        D        E       F      G
               +--------+--------+--------+--------+--------+-----+--------+
         Total |    744 |    744 |      0 |    566 |      0 |   1 |  744.0 |
       Dungeon |    744 |    744 |      0 |    566 |      0 |   1 |  744.0 |
               +--------+--------+--------+--------+--------+-----+--------+

Top non-repeatable levels by time:
       D: 744 daAuts
